 Dungeon Crawl Stone Soup version 0.30-a0-305-g026cb31310 (webtiles) character file.

Game seed: 7178959098464811165

25 GreatBamboolord the Grave Robber (level 2, -3/20 HPs)
             Began as a Demonspawn Necromancer on Oct 21, 2022.
             Slain by a goblin
             ... wielding a +0 dagger
             ... led by Robin
              (6 damage)
             ... on level 2 of the Dungeon.
             The game lasted 00:02:09 (1025 turns).

GreatBamboolord the Grave Robber (DsNe)             Turns: 1025, Time: 00:02:10

Health: -3/20      AC:  2    Str: 14    XL:     2   Next: 86%
Magic:  1/5        EV: 12    Int: 16    God:
Gold:   105        SH:  0    Dex: 13    Spells: 4/5 levels left

rFire   . . .      SeeInvis .    e - +2 dagger (speed)
rCold   . . .      Faith    .    (no shield)
rNeg    . . .      Spirit   .    a - +0 robe
rPois   .          Reflect  .    (no helmet)
rElec   .          Harm     .    (no cloak)
rCorr   .          Rampage  .    (no gloves)
Will    +....                    (no boots)
Stlth   ++........               h - amulet of the acrobat
HPRegen 0.23/turn                d - +6 ring of strength
MPRegen 0.09/turn                f - ring of willpower

@: no status effects
A: spiny 1
a: no special abilities


You were on level 2 of the Dungeon.
You visited 1 branch of the dungeon, and saw 2 of its levels.

You collected 105 gold pieces.

Inventory:

Hand Weapons
 e - a +2 dagger of speed (weapon)
Armour
 a - a +0 robe (worn)
Jewellery
 d - a +6 ring of strength (left hand)
 f - a ring of willpower (right hand)
 h - an amulet of the acrobat (around neck)
Scrolls
 i - a scroll of teleportation
 j - a scroll of fog {unknown}
 k - a scroll of identify
Potions
 b - a potion of magic
 g - 2 potions of resistance


   Skills:
 * Level 0.8 Fighting
 * Level 1.9 Dodging
 + Level 1.7 Stealth
 * Level 2.4 Spellcasting
 * Level 4.8 Necromancy


You had 4 spell levels left.
You knew the following spells:

 Your Spells              Type           Power      Damage    Failure   Level
a - Necrotise             Necr           68%        1d7       2%          1

Your spell library contained the following spells:

 Spells                   Type           Power      Damage    Failure   Level
 Vampiric Draining        Necr           17%        2d7       9%          3
 Animate Dead             Necr           17%        N/A       26%         4
 Ignite Poison            Fire/Tmut/Pois 1%         N/A       52%         3
 Kindle Blastsparks       Fire/Tloc/Air  2%         2d10      52%         3
 Agony                    Necr           17%        N/A       58%         5
 Freezing Cloud           Conj/Ice/Air   0%         6-21      99%         5


Dungeon Overview and Level Annotations

Branches:
Dungeon (2/15)

Altars:

Annotations:
D:2 Robin


Innate Abilities, Weirdness & Mutations

You are partially covered in sharp spines.


Message History

You hit the goblin.
You kill the goblin!
Your goblin skeleton closely misses the hobgoblin.
The hobgoblin hits your goblin skeleton.
Your goblin skeleton is destroyed!
Things that are here:
a +0 club; 12 gold pieces; a goblin corpse You hit the goblin.
The goblin is heavily wounded.
The goblin hits you with a +2 dagger of speed!
You hit the goblin.
You kill the goblin!
Robin throws the goblin at you! The goblin is struck by your spines.
The goblin completely misses you.
You hit the goblin.
You kill the goblin!
The hobgoblin attacks as you move away! The hobgoblin closely misses you.
A dart slug comes into view.
Things that are here:
a +0 dagger; a goblin corpse You barely miss the hobgoblin.
Robin throws the goblin at you! The hobgoblin is struck by your spines.
The hobgoblin hits you.
* * * LOW HITPOINT WARNING * * *
The goblin closely misses you.
Your goblin skeleton barely misses the hobgoblin.
You hit the hobgoblin.
The hobgoblin is heavily wounded.
The hobgoblin hits your goblin skeleton.
The goblin hits you with a +0 dagger.
* * * LOW HITPOINT WARNING * * *
Okay, then.
As you read the scroll labelled KOPHYC XAKHIG, it crumbles to dust.
It is a scroll of amnesia.
Really abort (and waste the scroll)?
Okay, then.
Your goblin skeleton closely misses the hobgoblin.
The hobgoblin hits your goblin skeleton!
Your goblin skeleton is destroyed!
The goblin hits you with a +0 dagger.
You die...

###...........
..#..........#
..>..........#
..#..........#
#............ #<.....w).
#...#g#### #.. #.gg...#
..#.#@#)##.# #...g.#.# #..
#....##.# #.# ##.## #.# .
#.# #..###.###....
########.####.............
..........##......####..$.
..........#.....### ..
............#..†###


You could see Robin, a dart slug, a hobgoblin (strong) and 2 goblins.

Vanquished Creatures
  An endoplasm (D:1)
  A giant cockroach (D:1)
  3 hobgoblins (D:1)
  A quokka (D:1)
  A ball python (D:1)
  A bat (D:2)
  A frilled lizard (D:2)
  9 goblins
  A kobold (D:1)
  5 rats
24 creatures vanquished.

Notes
Turn   | Place    | Note
-------+----------+-------------------------------------------
     0 | D:1      | GreatBamboolord the Demonspawn Necromancer began the quest
                  | for the Orb.
     0 | D:1      | Reached XP level 1. HP: 13/13 MP: 3/3
   357 | D:1      | Gained mutation: You are partially covered in sharp spines.
                  | [demonic ancestry]
   357 | D:1      | Reached XP level 2. HP: 20/20 MP: 3/5
  1011 | D:2      | Noticed Robin
  1025 | D:2      | Slain by a goblin

Illustrated notes

Levels and vault maps discovered:
D:1:      minmay_arrival_stone_box, layout_basic, minmay_parallelograms
D:2:      layout_rooms, uniq_robin, uniq_sigmund

Action                   || total
-------------------------++-------
Melee: Unarmed           ||     4
       Dagger            ||    14
 Cast: Necrotise         ||    24
  Use: Scroll            ||     3
Armor: Robe              ||     3
Dodge: Dodged            ||    11

Table legend: (Time is in decaauts)
 A = Elapsed time spent in this place.
 B = Non-inter-level travel time spent in this place.
 C = Inter-level travel time spent in this place.
 D = Time resting spent in this place.
 E = Time spent auto-exploring this place.
 F = Levels seen in this place.
 G = Mean time per level.
                   A        B        C        D        E       F      G
               +--------+--------+--------+--------+--------+-----+--------+
         Total |   1018 |    984 |     34 |      0 |    841 |   2 |  509.0 |
       Dungeon |   1018 |    984 |     34 |      0 |    841 |   2 |  509.0 |
               +--------+--------+--------+--------+--------+-----+--------+

Top non-repeatable levels by time:
     D:1: 928 daAuts
     D:2: 89 daAuts
